 Dungeon Crawl Stone Soup version 0.17.0-28-g6e173f8 (webtiles) character file.

7343 Redz the Fighter (level 11, -2/71 HPs)
             Began as a Gargoyle Fighter on Nov 23, 2015.
             Was an Elder of Okawaru.
             Slain by Kloppie's ghost (18 damage)
             ... in an ice cave.
             The game lasted 00:40:58 (10512 turns).

Redz the Fighter (Gargoyle Fighter)                Turns: 10512, Time: 00:40:58

Health: -2/71      AC: 24    Str: 21    XL:     11   Next: 13%
Magic:  11/11      EV: 19    Int: 11    God:    Okawaru [****..]
Gold:   599        SH:  0    Dex: 14    Spells: 0 memorised, 10 levels left

rFire  . . .     SeeInvis .     a - +0 flail (flame)
rCold  . . .     Clarity  .     h - +3 ring mail {MR+}
rNeg   + + .     SustAt   .     (no shield)
rPois  ∞         Gourm    .     g - +2 helmet
rElec  +         Spirit   .     k - +0 cloak
rCorr  .         Warding  .     (no gloves)
rMut   .         Stasis   .     (no boots)
MR     ++...                    (no amulet)
Stlth  ++++......               y - ring of protection from magic
                                x - ring of positive energy

@: agile, exhausted, about to teleport, slowed, very slow, very resistant to
hostile enchantments, stealthy
A: slimy green scales 1, negative energy resistance 1, sense surroundings 2,
electricity resistance, unbreathing, petrification resistance, rot immunity, AC
+7
a: Heroism, Renounce Religion


You were in an ice cave.
You worshipped Okawaru.
Okawaru was greatly pleased with you.
You were very hungry.

You visited 3 branches of the dungeon, and saw 15 of its levels.
You also visited: Ice Cave.

You collected 599 gold pieces.

Inventory:

Hand Weapons
 a - a +0 flail of flaming (weapon)
 r - a +0 flail of crushing
Armour
 g - a +2 helmet (worn)
 h - a +3 ring mail of magic resistance (worn)
 k - a +0 cloak (worn)
Jewellery
 x - a ring of positive energy (left hand)
 y - a ring of protection from magic (right hand)
Wands
 m - a wand of random effects (22)
 o - a wand of fireball (13)
 w - a wand of flame (20)
 z - a wand of random effects (21)
Scrolls
 b - a scroll of magic mapping
 f - a scroll of enchant armour
 i - 3 scrolls of teleportation
 l - 3 scrolls of remove curse
 p - 3 scrolls of identify
Potions
 d - a potion of might
 j - a potion of resistance
 n - 3 potions of curing
 q - a potion of agility
 u - a potion of ambrosia
 v - 3 potions of degeneration {unknown}
 B - 2 potions of cancellation
 C - 4 potions of berserk rage
 E - a potion of experience {unknown}
 F - a potion of brilliance
Books
 c - a book of Summonings

   Spells                             Type                      Level
   a - Recall                         Summoning/Translocation      3
   b - Aura of Abjuration             Summoning                    5
   c - Shadow Creatures               Summoning                    5
   d - Summon Demon                   Summoning                    5
   e - Summon Forest                  Summoning/Translocation      5
   f - Summon Mana Viper              Hexes/Summoning              5
Comestibles
 e - 6 bread rations
 s - 3 meat rations
 t - 15 beef jerkies
 A - a slice of pizza
 D - 4 chunks of flesh


   Skills:
 + Level 9.5 Fighting
 + Level 7.9 Maces & Flails
 + Level 9.1 Armour
 + Level 6.0 Dodging
 + Level 8.1 Stealth
   Level 3.3 Shields


You had 10 spell levels left.
You didn't know any spells.

Dungeon Overview and Level Annotations

Branches:
Dungeon (12/15)            Temple (1/1) D:5            Lair (2/8) D:10
    Orc (0/4) D:10

Altars:
Ashenzari
Cheibriados
Dithmenos
Elyvilon
Fedhas
Gozag
Kikubaaqudgha
Makhleb
Nemelex Xobeh
Okawaru
Qazlal
Ru
Sif Muna
Trog
Vehumet
Xom
Yredelemnul
Zin
The Shining One

Shops:
D:9 [   D:10 %

Annotations:
D:6 Dickchan's ghost, novice MiBe
D:8 Dickchan's ghost, novice DDHu IceCv Kloppie's ghost, journeyman HOFi


Innate Abilities, Weirdness & Mutations

You are resistant to torment.
Your stone body is resilient (AC +7).
You are immune to poison.
You resist negative energy.
You are resistant to electric shocks.
You can survive without breathing.
You are immune to petrification.
You are immune to rotting.
You are partially covered in slimy green scales (AC +2).
You passively map the area around you.


Message History

You hit Kloppie's ghost. You burn Kloppie's ghost.
Kloppie's ghost is severely damaged.
Kloppie's ghost hits you but does no damage.
The ice beast barely misses you.
You hit Kloppie's ghost but do no damage.
Kloppie's ghost is severely damaged.
You are no longer berserk.
You are exhausted.
You feel yourself slow down.
You are feeling very hungry.
The ice beast hits you but does no damage.
Kloppie's ghost barely misses you.
Drink which item? (? for menu, Esc to quit)
Okay, then.
Read which item? (? for menu, Esc to quit)
As you read the scroll of teleportation, it crumbles to dust.
You feel strangely unstable. The ice beast misses you.
The ice beast hits you but does no damage.
Kloppie's ghost hits you!!
You die...

#######
#@WY..## , ,,
, #YY....##
#Y......# .
#.......#..YY
#.∩..∩.....YY
,
#.......#..YY
#.......# ...
*, #......##
, * #.....##
, , ,


You could see 4 ice beasts and Kloppie's ghost.

Vanquished Creatures
  A komodo dragon (D:11)
  2 trolls
  5 yaks (D:10)
  A hungry ghost (D:8)
  2 water moccasins
  A swamp drake (D:10)
  10 ice beasts
  2 sky beasts
  5 orc warriors
  2 black bears (D:10)
  A necrophage (D:10)
  3 phantoms
  A crocodile (Lair:1)
  7 ogres
  5 centaurs
  6 giant frogs
  A scorpion (D:9)
  5 wights (D:9)
  5 killer bees
  A giant frog zombie (D:10)
  A quasit (D:5)
  2 crimson imps
  3 centaur zombies
  A jelly (D:5)
  2 iguanas
  9 orc priests
  3 centaur skeletons
  3 giant frog skeletons
  7 orc wizards
  10 worker ants
  A killer bee zombie (D:5)
  7 gnolls (D:5)
  11 adders
  3 shadow imps
  An ooze (D:3)
  An adder zombie (D:5)
  6 worms
  39 orcs
  7 bats
  3 giant cockroaches
  9 hobgoblins
  4 kobolds
  2 quokkas (D:8)
  3 giant geckos
  A giant gecko zombie (D:6)
  8 goblins
  12 jackals
  A jackal zombie (D:8)
  6 rats
232 creatures vanquished.

Notes
Turn   | Place    | Note
--------------------------------------------------------------
     0 | D:1      | Redz the Gargoyle Fighter began the quest for the Orb.
     0 | D:1      | Reached XP level 1. HP: 14/14 MP: 1/1
   234 | D:1      | Reached XP level 2. HP: 19/19 MP: 2/2
   689 | D:2      | Found a burning altar of Makhleb.
   736 | D:2      | Reached XP level 3. HP: 18/24 MP: 3/3
   750 | D:2      | Reached skill level 1 in Dodging
   970 | D:2      | Reached skill level 4 in Fighting
   970 | D:2      | Reached XP level 4. HP: 18/29 MP: 4/4
  1118 | D:2      | Found a faded altar to an unknown god.
  1649 | D:3      | Reached XP level 5. HP: 32/34 MP: 5/5
  1979 | D:4      | Found a glowing golden altar of the Shining One.
  1994 | D:4      | Noticed an ogre
  2026 | D:5      | Entered Level 5 of the Dungeon
  2246 | D:5      | Reached XP level 6. HP: 25/40 MP: 6/6
  2252 | D:5      | Reached skill level 5 in Fighting
  2287 | D:5      | Found a staircase to the Ecumenical Temple.
  2319 | Temple   | Entered the Ecumenical Temple
  2614 | D:5      | Noticed an ogre
  3206 | D:5      | Reached skill level 5 in Armour
  3206 | D:5      | Reached XP level 7. HP: 43/45 MP: 7/7
  3238 | D:5      | Killed an ogre
  3266 | D:5      | Reached skill level 6 in Fighting
  3539 | D:4      | You fall through a shaft for 3 floors!
  3654 | D:7      | Found a white marble altar of Elyvilon.
  3679 | D:7      | Reached skill level 1 in Stealth
  3689 | D:7      | Gained mutation: You passively map a small area around you. [potion of mutation]
  3689 | D:7      | Gained mutation: You passively map the area around you. [potion of mutation]
  3689 | D:7      | Gained mutation: You are partially covered in slimy green scales (AC +2). [potion of mutation]
  4198 | D:4      | Killed an ogre
  4356 | D:6      | Noticed an ice beast
  4365 | D:6      | Killed an ice beast
  4365 | D:6      | Reached XP level 8. HP: 34/52 MP: 8/8
  4373 | D:6      | Found an iron altar of Okawaru.
  4383 | D:6      | Became a worshipper of Warmaster Okawaru
  4475 | D:6      | Noticed Dickchan's ghost (novice MiBe)
  4572 | D:6      | Noticed an ogre
  4581 | D:6      | Killed an ogre
  4790 | D:6      | Noticed a water moccasin
  4804 | D:6      | Killed a water moccasin
  4910 | D:6      | Noticed a centaur
  4923 | D:6      | Killed a centaur
  4923 | D:6      | Reached skill level 5 in Maces & Flails
  5723 | D:7      | Reached skill level 7 in Fighting
  5760 | D:7      | Reached * piety under Okawaru
  5760 | D:7      | Reached XP level 9. HP: 47/57 MP: 9/9
  6156 | D:7      | Reached skill level 5 in Stealth
  6607 | D:8      | Noticed Dickchan's ghost (novice DDHu)
  6752 | D:8      | Reached ** piety under Okawaru
  6806 | D:8      | Found a radiant altar of Vehumet.
  6994 | D:8      | Found a deep blue altar of Sif Muna.
  7091 | D:8      | Found a shattered altar of Ashenzari.
  7105 | D:8      | Reached skill level 8 in Fighting
  7659 | D:9      | Reached XP level 10. HP: 61/64 MP: 10/10
  8314 | D:9      | Found Coimets's Armour Shop.
  8541 | D:9      | Reached skill level 5 in Dodging
  8567 | D:10     | Entered Level 10 of the Dungeon
  8601 | D:10     | Found Waroax's Food Emporium.
  8637 | D:10     | Found a staircase to the Lair.
  9132 | D:10     | Reached *** piety under Okawaru
  9368 | D:10     | Reached skill level 9 in Fighting
  9863 | D:10     | Found a staircase to the Orcish Mines.
 10250 | Lair:1   | Entered Level 1 of the Lair of Beasts
 10260 | Lair:1   | Reached XP level 11. HP: 47/71 MP: 11/11
 10380 | Lair:1   | Found a frozen archway.
 10414 | Lair:1   | Reached **** piety under Okawaru
 10463 | IceCv    | Entered an ice cave
 10482 | IceCv    | Noticed Kloppie's ghost (journeyman HOFi)
 10512 | IceCv    | Slain by Kloppie's ghost

Action                   |  1- 3 |  4- 6 |  7- 9 | 10-12 || total
-------------------------+-------+-------+-------+-------++-------
Melee: Flail             |   124 |   243 |   597 |   409 ||  1373
Evoke: Wand              |       |     2 |     2 |       ||     4
  Use: Scroll            |       |       |    16 |     3 ||    19
       Potion            |       |       |     8 |     2 ||    10
 Stab: Invisible         |       |       |     1 |       ||     1
       Sleeping          |       |       |     4 |     5 ||     9
       Distracted        |       |       |     1 |       ||     1
       Confused          |       |       |       |     2 ||     2
  Eat: Chunk             |       |     8 |     7 |    10 ||    25
       Meat ration       |       |       |     3 |       ||     3
       Bread ration      |       |       |     1 |       ||     1
